 Dungeon Crawl Stone Soup version 0.16.1-16-gc44b35d (webtiles) character file.

2351 Trafet the Ducker (level 9, 0/62 HPs)
             Began as a Demigod Wizard on Apr 18, 2015.
             Killed from afar by an orc wizard (4 damage)
             ... with a magic dart
             ... on level 6 of the Dungeon.
             The game lasted 00:33:44 (8109 turns).

Trafet the Ducker (Demigod Wizard)                  Turns: 8109, Time: 00:33:45

Health: 0/62       AC:  9    Str: 10    XL:     9   Next: 0%
Magic:  18/23      EV: 13    Int: 32    God:
Gold:   477        SH:  0    Dex: 14    Spells: 6 memorised, 3 levels left

rFire  + . .     SeeInvis .     E - +4 quarterstaff (chaos)
rCold  + . .     Clarity  .     T - +0 ring mail
rNeg   . . .     SustAb   +     (no shield)
rPois  +         Gourm    .     V - +0 helmet
rElec  +         Spirit   .     j - +0 cloak
rCorr  +         Warding  .     (no gloves)
rMut   .         Stasis   .     H - +1 pair of boots
MR     .....                    (no amulet)
Stlth  +.........               F - ring of wizardry
                                P - +4 ring of intelligence (curse)

@: resistant, not resistant to hostile enchantments, very unstealthy
A: sustain abilities
a: no special abilities


You were on level 6 of the Dungeon.
You were not hungry.

You visited 1 branch of the dungeon, and saw 6 of its levels.

You collected 477 gold pieces.

Inventory:

Hand weapons
 E - a +4 quarterstaff of chaos (weapon)
 K - a +1 hunting sling of flaming
 L - the +4 flail of Agony {antimagic, -Cast rPois Int+5}
   (You found it on level 5 of the Dungeon)

   It disrupts the flow of magical energy around spellcasters and certain
   magical creatures (including the wielder).
   It affects your intelligence (+5).
   It protects you from poison.
   It prevents spellcasting.
 N - a +2 trident of flaming
 O - a +0 whip of electrocution
 S - a +4 shortbow
Missiles
 k - 64 arrows
 s - 37 poisoned needles
 z - 12 sling bullets
 Q - 8 javelins (quivered)
Armour
 b - a +0 hat
 f - a +0 leather armour
 j - a +0 cloak (worn)
 u - a +1 scale mail of fire resistance
 H - a +1 pair of boots (worn)
 T - a +0 ring mail (worn)
 V - a +0 helmet (worn)
Jewellery
 a - an uncursed ring of fire
 F - a ring of wizardry (right hand)
 P - a cursed +4 ring of intelligence (left hand)
Magical devices
 n - a wand of slowing (16)
 I - a wand of magic darts (12)
 M - a wand of fireball (7)
Scrolls
 p - a scroll of identify
 w - a scroll of fear {unknown}
 y - 2 scrolls of remove curse
 A - 2 scrolls of magic mapping {unknown}
 B - a scroll of amnesia {unknown}
 J - a scroll of blinking {unknown}
Potions
 g - a potion of brilliance {unknown}
 o - a potion of restore abilities
 q - a potion of haste {unknown}
 C - 2 potions of cancellation
 D - a potion of cure mutation {unknown}
 G - a potion of agility {unknown}
Books
 c - a book of Minor Magic

   Spells                             Type                      Level
   a - Magic Dart                     Conjuration                  1
   b - Blink                          Translocation                2
   c - Call Imp                       Summoning                    2
   d - Repel Missiles                 Charms/Air                   2
   e - Slow                           Hexes                        2
   f - Conjure Flame                  Conjuration/Fire             3
   g - Mephitic Cloud                 Conjuration/Poison/Air       3
 i - a book of the Tempests

   Spells                             Type                      Level
   a - Static Discharge               Conjuration/Air              3
   b - Lightning Bolt                 Conjuration/Air              5
   c - Fireball                       Conjuration/Fire             5
   d - Tornado                        Air                          9
   e - Shatter                        Earth                        9
Comestibles
 d - 6 bread rations
 l - a meat ration
 m - 2 fruits
 t - a slice of pizza
 R - a beef jerky
 U - a chunk of flesh


   Skills:
 + Level 6.6 Staves
 + Level 0.0 Armour
 - Level 7.0 Dodging
 - Level 1.7 Stealth
 - Level 4.4 Spellcasting
 - Level 4.5 Conjurations
 - Level 0.8 Summonings
 - Level 0.8 Translocations


You had 3 spell levels left.
You knew the following spells:

 Your Spells              Type           Power        Failure   Level  Hunger
a - Magic Dart            Conj           ####         1%          1    None
b - Blink                 Tloc           N/A          7%          2    None
c - Mephitic Cloud        Conj/Pois/Air  ###.....     10%         3    #......
d - Conjure Flame         Conj/Fire      ###.....     9%          3    #......
e - Call Imp              Summ           ##......     7%          2    None
f - Repel Missiles        Chrm/Air       #.....       9%          2    None


Dungeon Overview and Level Annotations

Branches:
Dungeon (6/15)
 Temple: D:4-7

Annotations:
D:2 Sigmund
D:6 Grinder; Zwobot's ghost, experienced DgWn


Innate Abilities, Weirdness & Mutations

Your attributes are resistant to harm.


Message History

Your magical contamination has completely faded away.
You feel magically purged.
You flicker back into view.
Zwobot's ghost is engulfed in roaring flames.
Drink which item? (? for menu, Esc to quit)
It was a potion of resistance.
You feel protected. Zwobot's ghost hits you!!
* * * LOW HITPOINT WARNING * * *
An orc wizard comes into view. It is wielding a dagger of venom.
Unknown command.
Casting: Conjure Flame
Confirm with . or Enter, or press ? or * to list all spells.
You blink.
An orc comes into view. It is wielding a dagger.
Zwobot's ghost is engulfed in roaring flames.
Grinder is engulfed in roaring flames.
The orc wizard points at you and mumbles some strange words.
The magic dart hits you!
You die...

...## #...# ..##
#..## ..# ##..#
#.#########...# ###
#.............# ##§#
#.............# ##§##
...#########..####W##
..## #####.§§# ..#
#@5o# ..# ##oo## ..#
##o.# ..## ##.##
...#### #..#
#.o...####### #W.#
#####.....W.### ##.##
#####.....# ##..#
####..o.###o.##


You could see Grinder, an orc wizard, Zwobot's ghost and 3 orcs.

Vanquished Creatures
  Pikel (D:5)
  Prince Ribbit (D:5)
  A human (shapeshifter) (D:5)
  Edmund (D:6)
  An ice beast (D:6)
  4 slaves
  3 ogres (D:4)
  A centaur (D:6)
  Duvessa (D:5)
  4 scorpions
  A crimson imp (D:5)
  Dowan (D:5)
  3 hounds
  Crazy Yiuf (D:3)
  2 iguanas (D:4)
  A gnoll shaman (D:4)
  Natasha (thrice) (D:3)
  An orc wizard (D:4)
  5 worker ants
  Terence (D:2)
  A worker ant zombie (D:6)
  8 gnolls
  8 adders
  2 worms (D:3)
  An adder skeleton (D:4)
  4 giant geckos
  3 oozes
  10 orcs
  A ball python (D:4)
  19 bats
  3 giant cockroaches
  18 goblins
  6 hobgoblins
  11 jackals
  A ball python skeleton (D:4)
  A giant gecko skeleton (D:5)
  5 giant newts
  8 kobolds
  A quokka (D:6)
  7 rats
155 creatures vanquished.

Notes
Turn   | Place    | Note
--------------------------------------------------------------
     0 | D:1      | Trafet, the Demigod Wizard, began the quest for the Orb.
     0 | D:1      | Reached XP level 1. HP: 14/14 MP: 4/4
    66 | D:1      | Reached skill level 1 in Conjurations
   638 | D:1      | Reached XP level 2. HP: 14/20 MP: 3/6
  1248 | D:1      | Learned a level 2 spell: Blink
  1330 | D:1      | Reached XP level 3. HP: 26/26 MP: 5/8
  1842 | D:1      | Reached skill level 3 in Conjurations
  1891 | D:2      | Noticed Sigmund
  2079 | D:1      | Learned a level 3 spell: Mephitic Cloud
  2384 | D:2      | Noticed Terence
  2447 | D:2      | Killed Terence
  2447 | D:2      | Reached XP level 4. HP: 33/33 MP: 8/11
  2689 | D:2      | Found a glowing golden altar of the Shining One.
  2810 | D:2      | Reached skill level 4 in Conjurations
  3302 | D:3      | Noticed Natasha
  3311 | D:3      | Killed Natasha
  3498 | D:3      | Noticed Crazy Yiuf
  3512 | D:3      | Killed Crazy Yiuf
  3512 | D:3      | Reached XP level 5. HP: 38/38 MP: 1/14
  3520 | D:3      | Learned a level 3 spell: Conjure Flame
  4006 | D:3      | Noticed Natasha
  4009 | D:3      | Killed Natasha
  4036 | D:3      | Noticed Natasha
  4039 | D:3      | Killed Natasha
  4635 | D:4      | Noticed an ogre
  4640 | D:4      | Killed an ogre
  4640 | D:4      | Reached XP level 6. HP: 45/45 MP: 11/18
  4943 | D:4      | Noticed an ogre
  4953 | D:4      | Killed an ogre
  4953 | D:4      | Reached skill level 1 in Staves
  5100 | D:4      | Noticed an ogre
  5108 | D:4      | Killed an ogre
  5108 | D:4      | Reached XP level 7. HP: 50/50 MP: 12/20
  5684 | D:4      | Found a burning altar of Makhleb.
  5684 | D:4      | Noticed a balrug
  5799 | D:5      | Entered Level 5 of the Dungeon
  5799 | D:5      | Noticed Prince Ribbit
  5835 | D:5      | Killed Prince Ribbit
  5868 | D:5      | Noticed Pikel
  5924 | D:5      | Noticed Duvessa
  5925 | D:5      | Noticed Dowan
  6558 | D:5      | Got a crystal flail
  6559 | D:5      | Identified the +4 flail of Agony {antimagic, -Cast rPois Int+5} (You found it on level 5 of the Dungeon)
  6741 | D:5      | Reached skill level 5 in Dodging
  6741 | D:5      | Reached XP level 8. HP: 54/57 MP: 19/21
  6753 | D:5      | Killed Dowan
  6811 | D:5      | Killed Duvessa
  6935 | D:5      | Learned a level 2 spell: Call Imp
  6938 | D:5      | Learned a level 2 spell: Repel Missiles
  7094 | D:5      | Killed Pikel
  7094 | D:5      | Reached skill level 5 in Staves
  7094 | D:5      | Reached skill level 6 in Dodging
  7847 | D:6      | Noticed Edmund
  7868 | D:6      | Killed Edmund
  7868 | D:6      | Reached skill level 7 in Dodging
  7868 | D:6      | Reached XP level 9. HP: 62/62 MP: 19/23
  8005 | D:6      | Noticed Zwobot's ghost (experienced DgWn)
  8092 | D:6      | Noticed Grinder
  8109 | D:6      | Killed from afar by an orc wizard

Action                   |  1- 3 |  4- 6 |  7- 9 || total
-------------------------+-------+-------+-------++-------
Melee: Dagger            |    13 |       |       ||    13
       Spear             |    61 |       |       ||    61
       Flail             |       |    23 |       ||    23
       Quarterstaff      |       |    66 |   176 ||   242
Throw: Stone             |    17 |       |       ||    17
 Cast: Magic Dart        |    85 |    75 |   101 ||   261
       Mephitic Cloud    |     1 |     6 |    24 ||    31
       Blink             |     1 |     3 |     9 ||    13
       Conjure Flame     |       |       |     3 ||     3
       Repel Missiles    |       |       |     1 ||     1
Evoke: Wand              |       |       |     1 ||     1
  Use: Scroll            |       |     4 |     3 ||     7
       Potion            |       |       |     3 ||     3
 Stab: Confused          |     4 |     2 |     8 ||    14
  Eat: Chunk             |     5 |     8 |    10 ||    23
       Fruit             |       |     1 |       ||     1
